[Event "FTX Road to Miami Prelims 2022"]
[Site "Online"]
[Date "2022.07.04"]
[Round "3.2"]
[White "Dominguez Perez, Leinier"]
[Black "Shankland, Sam"]
[Result "1/2-1/2"]
[ECO "C47"]
[WhiteElo "2754"]
[BlackElo "2720"]
[Annotator "TA"]
[PlyCount "121"]
[EventDate "2022.07.10"]
[EventType "tourn"]
[EventCountry "NET"]
[SourceTitle "playchess.com"]
[Source "ChessBase"]
[SourceQuality "1"]
[TimeControl "40/5400+30:1800+30"]

1. e4 e5 2. Nf3 Nc6 3. Nc3 Nf6 4. d4 exd4 5. Nxd4 Bb4 6. Nxc6 bxc6 7. Bd3 O-O 8. O-O d5 9. Bd2 a5 {[%emt 0:01:40] C47: Scotch Four Knights and Four Knights with 4 g3.} 10. Re1 Bg4 11. Qc1 {[%emt 0:00:22] [#]} Qd7 $146 (11... Re8 $11) ({Predecessor:} 11... Re8 12. a3 Bxc3 13. Bxc3 Nxe4 14. Bxe4 dxe4 15. Qf4 Bh5 16. Rxe4 f6 17. Rxe8+ Bxe8 {½-½ (31) Erdos,V (2615)-Mamedyarov,S (2765) Terme Catez 2021}) 12. a3 Bxc3 13. Bxc3 Nxe4 14. Bxe4 dxe4 15. Rxe4 {[%emt 0:00:27] Black must now prevent Qg5.} Bf5 16. Rd4 {[%emt 0:01:10] White is more active.} Qe6 17. Qd2 Qg6 18. Re1 (18. Bxa5 Bh3 19. g4 Bxg4 20. Bxc7 Rfe8 $11) 18... Bh3 ({Black should play} 18... a4 $14) 19. f3 $16 a4 (19... h6 $142) 20. Ree4 (20. g4 $142 $1) 20... h5 21. Re5 {[%emt 0:00:24] Hoping for Rg5.} f6 {[%emt 0:00:34] Inhibits Rg5.} 22. Rc5 Rfe8 23. Qf2 {[%emt 0:00:24] Prevents Re1+.} (23. Kf1 $16 Bc8 24. Bb4 (24. Rxc6 Ba6+ 25. Rd3 Kh7 $15)) 23... Rad8 $1 $11 {[%emt 0:01:23] ( -> ...Rxd4)} 24. Rd2 (24. Rxc6 {is a self mate.} Rxd4 25. g3 Qg5 $1) 24... Bxg2 25. Rxd8 ({But not} 25. Qxg2 $2 Re1+ 26. Kf2 Rxd2+ 27. Bxd2 Re2+ $3 28. Kxe2 Qxg2+ 29. Kd3 Qxf3+ 30. Be3 Qf1+ 31. Kd4 Qh3 $19) 25... Bh3+ (25... Rxd8 $11 26. Qxg2 Rd1+ 27. Kf2 Qxc2+ 28. Kg3 Qd3 29. Rxc6 Rc1) 26. Qg3 $14 Qxg3+ 27. hxg3 Rxd8 28. Rxh5 {[%emt 0:00:38][%mdl 4096] Endgame KRB-KRB} Be6 29. Ra5 Rd1+ 30. Kf2 Rc1 31. Rxa4 Rxc2+ 32. Ke3 Bd5 33. g4 Rc1 {[%emt 0:01:10] [#]} (33... Rg2 $14) 34. Rf4 $1 $16 c5 35. a4 Ra1 36. a5 c6 37. b3 Ra3 38. Ra4 {[%emt 0:00:25] Prevents c4.} Rxa4 39. bxa4 $14 {[%emt 0:00:21] a6 is the strong threat. KB-KB} Bc4 40. f4 (40. Bb2 $1 $14) 40... Kf7 $11 41. f5 g6 42. Bb2 gxf5 43. gxf5 Ba6 44. Ba3 Bc8 45. Kf4 c4 46. Bb4 c5 47. Bc3 Ke7 48. Bb2 Kd6 $2 (48... Bb7 $11 {and Black stays safe.}) 49. Bxf6 $18 Kc6 50. a6 $2 ({Better is} 50. Bc3 $18) 50... Bxf5 $11 {[%emt 0:00:38] The position is equal.} 51. Kxf5 {[%emt 0:00:56] a5 would kill now. KB-KPP} Kb6 52. Bc3 Kxa6 53. Ke6 Kb7 54. Kd5 Ka8 55. Kxc4 Kb8 56. Kxc5 Ka8 57. Kb6 Kb8 58. a5 Ka8 59. a6 Kb8 60. a7+ Ka8 61. Bb4 {[%emt 0:00:20] Weighted Error Value: White=0.17 (very precise) /Black=0.18 (very precise)} 1/2-1/2

[Event "FTX Road to Miami Prelims 2022"]
[Site "Online"]
[Date "2022.07.04"]
[Round "3.3"]
[White "Duda, Jan-Krzysztof"]
[Black "Wojtaszek, Radoslaw"]
[Result "1/2-1/2"]
[ECO "D78"]
[WhiteElo "2750"]
[BlackElo "2708"]
[Annotator "TA"]
[PlyCount "117"]
[EventDate "2022.07.10"]
[EventType "tourn"]
[EventCountry "NET"]
[SourceTitle "playchess.com"]
[Source "ChessBase"]
[SourceQuality "1"]
[TimeControl "40/5400+30:1800+30"]

1. Nf3 d5 2. g3 g6 3. Bg2 Bg7 4. O-O Nf6 5. c4 c6 6. b3 Ne4 7. d4 O-O 8. Bb2 Bf5 9. e3 {[%emt 0:00:39] is the new trend.} a5 10. Nc3 Nxc3 {[%emt 0:00:23] D78: Fianchetto Grünfeld: 6 0-0 c6.} 11. Bxc3 Be4 12. Qe2 e6 13. Rfd1 Nd7 14. Bf1 Bxf3 15. Qxf3 Nc5 16. Be1 Ne4 {[%emt 0:00:22] [#]} 17. Qe2 $146 ({Predecessor:} 17. Bd3 f5 18. Rac1 g5 19. Qe2 g4 20. Bxe4 fxe4 21. Qxg4 Qe8 22. cxd5 exd5 23. Rc5 {½-½ (52) Carlsen,M (2865)-Van Foreest,J (2702) Wijk aan Zee 2022}) 17... Re8 18. a3 Nd6 19. Qc2 (19. a4 {keeps more tension.} c5 20. dxc5 Bxa1 21. cxd5 Nf5 22. dxe6 Qf6 23. exf7+ Kxf7 24. Qb5) 19... Qg5 20. c5 Nf5 21. f4 Qd8 (21... Nxe3 $2 22. Qd3 (22. fxg5 $2 {loses.} Nxc2 23. Rac1 Nxd4 $19) 22... Qh6 23. Qxe3 $18) 22. Bf2 b5 23. g4 Ne7 24. Bh4 Qd7 25. h3 Kh8 26. Bd3 f5 27. Qg2 Ng8 28. g5 Ne7 29. Kf2 {[%emt 0:00:44] White is more active.} Kg8 30. Bg3 Kf7 31. h4 Rh8 32. h5 (32. a4 $16) 32... h6 $14 33. hxg6+ Nxg6 34. gxh6 Rxh6 35. Rh1 Rah8 36. Rxh6 Rxh6 37. Ke2 Qd8 38. Rg1 Qh8 39. Kd2 Bf6 40. Kc3 Be7 41. b4 a4 42. Be1 Bf6 {[%emt 0:00:38][%cal Og6f4] [#] Hoping for ...Nxf4!} 43. Bf2 Qh7 44. Qf1 {[%emt 0:00:35] The position is equal.} Rh3 45. Bg3 Ne7 46. Be2 Rh6 47. Be1 Rh2 48. Bd2 Qh3 49. Qxh3 {[%emt 0:00:28] The board is on fire.} Rxh3 50. Bf1 Rh2 51. Kd3 Ng8 52. Bg2 Bh4 {[%emt 0:00:46] [#] White must now prevent ...Bf2.} 53. Ke2 {[%emt 0:00:21] Against Bf2} Nf6 54. Kf3 Ne4 55. Bc1 Bf2 56. Rf1 Bh4 57. Rg1 Bf2 58. Rf1 Bh4 59. Rg1 {[%emt 0:00:21] Weighted Error Value: White=0.10 (very precise) /Black=0.09 (flawless)} 1/2-1/2

[Event "FTX Road to Miami Prelims 2022"]
[Site "Online"]
[Date "2022.07.04"]
[Round "3.4"]
[White "Mamedyarov, Shakhriyar"]
[Black "Rapport, Richard"]
[Result "1-0"]
[ECO "E61"]
[WhiteElo "2759"]
[BlackElo "2764"]
[Annotator "TA"]
[PlyCount "51"]
[EventDate "2022.07.10"]
[EventType "tourn"]
[EventCountry "NET"]
[SourceTitle "playchess.com"]
[Source "ChessBase"]
[SourceQuality "1"]
[TimeControl "40/5400+30:1800+30"]

1. d4 Nf6 2. c4 g6 3. Nc3 Bg7 4. g3 O-O 5. Bg2 Nc6 (5... d6 6. Nf3 Nc6 7. O-O a6 8. e4 Rb8 9. c5 b5 10. d5 Na5 11. b4 Nc4 12. Nd4 Qe8 13. a4 e5 14. Nc6 Rb7 15. axb5 axb5 16. Ra8 Qd7 {1-0 (26) Mamedyarov,S (2767)-Rapport,R (2763) Baku 2021}) 6. h3 {[%emt 0:00:34] [#] E61: King's Indian: Early deviations for White, including Smyslov System.} e6 $146 (6... d6 $11) ({Predecessor:} 6... Rb8 7. e3 e5 8. d5 Na5 9. Qd3 b6 10. e4 c6 11. b4 Nb7 12. Nf3 a5 13. a3 Ra8 {1-0 (59) So,W (2772)-Van Foreest,J (2688) chess24.com INT 2021}) 7. e4 $1 $14 e5 8. d5 (8. dxe5 $1 $14 Nxe5 9. b3) 8... Nd4 $11 9. Nf3 c5 10. Nxe5 Nxe4 $1 11. Nxe4 {[%emt 0:00:41] Threatens to win with Nf3.} Bxe5 12. O-O d6 $1 13. Bg5 Qc7 (13... Qb6 $1 $11 {remains equal.}) 14. Re1 ({White has to play} 14. f4 $1 $16 Bg7 15. Nf6+ Kh8 16. g4) 14... f5 $1 15. Nc3 Bd7 (15... f4 {looks sharper.} 16. gxf4 Bxf4 17. Re7 Bd7) 16. Be7 (16. Qd2 $11) 16... Rf7 $1 $17 17. Rxe5 dxe5 18. d6 {[%emt 0:00:23] [#]} Qb6 ({Black should play} 18... Qc8 $1 $17 19. Bd5 Be6) 19. Nd5 $36 {[%emt 0:00:30][%mdl 2048] Black is under pressure.} Qxb2 {[%emt 0:00:32] Hoping for ...e4.} 20. Rb1 $1 Qxa2 {[%emt 0:01:06] Strongly threatening ...e4.} ({Less strong is} 20... Ne2+ 21. Kf1 Qxa2 22. Rxb7 $16) 21. Nf6+ Rxf6 $1 22. Bxf6 Ba4 $2 {[%emt 0:06:54][%mdl 8192] This costs Black the game.} (22... Ne2+ $2 23. Kh2 Nc3 {[#]} 24. Qc1 $1 $18 (24. Bd5+ Kf8 $11)) (22... Bc6 $14 23. Bxc6 bxc6) 23. Bd5+ {[%emt 0:01:03] A strong pair of Bishops. White mates.} Kf8 {[%emt 0:00:24] [#]} 24. Rxb7 $1 Bxd1 (24... Bc6 25. Bg7+) 25. Rf7+ {[%emt 0:00:24][%mdl 64] Discovered Attack} Ke8 26. d7# {[%emt 0:00:21] Weighted Error Value: White=0.27 (precise) /Black=0.43} 1-0

[Event "FTX Road to Miami Prelims 2022"]
[Site "Online"]
[Date "2022.07.04"]
[Round "3.5"]
[White "Erigaisi Arjun"]
[Black "Radjabov, Teimour"]
[Result "1-0"]
[ECO "D02"]
[WhiteElo "2689"]
[BlackElo "2738"]
[Annotator "TA"]
[PlyCount "63"]
[EventDate "2022.07.10"]
[EventType "tourn"]
[EventCountry "NET"]
[SourceTitle "playchess.com"]
[Source "ChessBase"]
[SourceQuality "1"]
[TimeControl "40/5400+30:1800+30"]

1. d4 Nf6 2. Nf3 d5 3. Bf4 g6 4. e3 Bg7 5. Nbd2 Nh5 6. Be5 {[%emt 0:00:52] D02: 1 d4 d5 2 Nf3 sidelines, including 2...Nf6 3 g3 and 2...Nf6 3 Bf4.} f6 7. Bg3 Nxg3 8. hxg3 {[%emt 0:00:20] The position is equal.} c6 9. c4 {[%emt 0:00:26] [#]} e6 $146 ({Predecessor:} 9... e5 10. dxe5 fxe5 11. Qb3 d4 12. exd4 exd4 13. O-O-O c5 14. Re1+ Kf7 15. Bd3 Nc6 {½-½ (29) Zupec,N (1663)-Mali,M (1651) Murska Sobota 2006}) 10. Qc2 {[%emt 0:00:39][%cal Oh1h7] [#] Black must now prevent Rxh7!} f5 11. g4 O-O 12. gxf5 exf5 13. Ne5 f4 14. O-O-O fxe3 15. fxe3 Bf5 (15... Bxe5 $15 16. dxe5 Na6) 16. Bd3 $11 Bxd3 17. Nxd3 {[%emt 0:00:30] Pair of Knights!} Qd6 18. Rh3 {[%emt 0:01:03] Rdh1 is the strong threat.} Nd7 19. Rdh1 Rae8 20. Qb3 Nf6 21. Qxb7 Rb8 (21... Ng4 $11) 22. Qa6 $16 {[%emt 0:01:10] White is more active.} Ng4 23. Rxh7 Nxe3 24. c5 Qf6 (24... Qc7 $16) 25. Qxa7 $18 {[%emt 0:01:00][%cal Oh7h8] White wants to mate with Rh8+! The board is on fire.} ({Less strong is} 25. Ne5 Qf5 26. Qd3 (26. Rxg7+ Kxg7 27. Qxa7+ Kf6 $16) 26... Qxd3 27. Nxd3 Nf5 $11) 25... Qf7 {[%emt 0:00:53] [#]} 26. Qxf7+ Rxf7 27. Nf3 Ra7 28. a3 Nc4 29. Nfe5 Rb3 $2 (29... Nxe5 30. Nxe5 Ra6 31. Nxg6 Re8 32. Rh8+ Bxh8 33. Rxh8+ Kf7 34. Ne5+ Rxe5 35. dxe5 Ke6) 30. Nxc6 {[%emt 0:00:29] White is clearly winning.} Rab7 31. Ncb4 Rf7 32. Kc2 {[%emt 0:00:45] Weighted Error Value: White=0.04 (flawless) /Black=0.32} 1-0

[Event "FTX Road to Miami Prelims 2022"]
[Site "Online"]
[Date "2022.07.04"]
[Round "3.6"]
[White "Ju, Wenjun"]
[Black "Aronian, Levon"]
[Result "0-1"]
[ECO "E90"]
[WhiteElo "2560"]
[BlackElo "2775"]
[Annotator "TA"]
[PlyCount "74"]
[EventDate "2022.07.10"]
[EventType "tourn"]
[EventCountry "NET"]
[SourceTitle "playchess.com"]
[Source "ChessBase"]
[SourceQuality "1"]
[TimeControl "40/5400+30:1800+30"]

1. d4 Nf6 2. c4 c5 3. d5 g6 4. Nc3 Bg7 5. e4 d6 6. Nf3 O-O 7. h3 Nbd7 8. Be2 {[%emt 0:00:35] E90: King's Indian: Classical: Early deviations and 6 h3.} Ne8 9. Qc2 a6 10. O-O {[%emt 0:00:24] [#] White is slightly better.} e5 $146 ({Predecessor:} 10... Nc7 11. a4 Rb8 12. a5 b5 13. axb6 Rxb6 14. Bd2 Rb8 15. Rfe1 e6 16. Bf4 e5 {0-1 (38) Zaloznyy,M (2125)-Uskov,A (2403) Chess.com INT 2022}) 11. Be3 h6 12. g4 (12. Bd3 $16) 12... f5 $14 13. gxf5 gxf5 14. exf5 {[%emt 0:00:21] Hoping for Kh2.} b5 15. Ne4 (15. cxb5 $6 Nb6 $14) (15. Kh2 $1 $16) 15... Nb6 $11 16. Ng3 (16. cxb5 Bxf5 17. bxa6 Kh8 $17) 16... Nxc4 17. Bxc4 (17. Kh2 {keeps more tension.} Nb6 18. Rad1 Ra7 19. b4) 17... bxc4 18. Qxc4 Bxf5 19. Nxf5 Rxf5 20. Qg4 Rf7 21. Rad1 Rb8 22. b3 Rb4 $36 {[%emt 0:00:22][%mdl 2048] Black has some pressure.} 23. Qg2 Qf6 (23... Kh7 $15) 24. Nd2 Rh4 25. f3 Qf5 {[%emt 0:00:28] And now ...Rf6 would win.} 26. Kh2 Kh7 27. Ne4 Bf8 28. Qg3 $2 {[%emt 0:01:06] [#]} (28. Rc1 $11) 28... Be7 $1 $19 29. Qg2 (29. Rg1 $2 Rg7 30. Bg5 Bxg5 $19) 29... Rg7 {[%emt 0:00:39] Dancing on a razor blade.} 30. Ng3 {[%emt 0:00:22] [#]} Qg6 (30... Qd7 $142 $1 {Threatens to win with ...Nf6.} 31. Rg1 Bg5 32. Bxg5 Rxg5) 31. Rg1 $17 Bg5 32. Qf2 {[%emt 0:00:25][%mdl 8192] White does not recover from this.} ({White should try} 32. Bxg5 $15 Qxg5 33. Qd2) 32... Nf6 $19 ({Don't go for} 32... Bxe3 $2 33. Qxe3 Nf6 34. Rd2 (34. Ne4 $2 {leads to mate.} Rxh3+ 35. Kxh3 Qh5#)) 33. Rd2 $2 (33. Bxg5 Qxg5 34. Rde1) 33... Bf4 34. Bxf4 exf4 35. Ne4 {[%emt 0:00:30] [#]} Rxh3+ $3 {[%emt 0:00:23][%mdl 512] Black mates.} 36. Kxh3 Qf5+ 37. Rg4 Nxg4 {[%emt 0:00:31] Weighted Error Value: White=0.72/Black=0.08 (flawless)} 0-1

[Event "FTX Road to Miami Prelims 2022"]
[Site "Online"]
[Date "2022.07.04"]
[Round "3.7"]
[White "Giri, Anish"]
[Black "Sevian, Samuel"]
[Result "1/2-1/2"]
[ECO "C83"]
[WhiteElo "2760"]
[BlackElo "2684"]
[Annotator "TA"]
[PlyCount "111"]
[EventDate "2022.07.10"]
[EventType "tourn"]
[EventCountry "NET"]
[SourceTitle "playchess.com"]
[Source "ChessBase"]
[SourceQuality "1"]
[TimeControl "40/5400+30:1800+30"]

1. e4 e5 2. Nf3 Nc6 3. Bb5 a6 4. Ba4 Nf6 5. O-O Nxe4 6. d4 b5 7. Bb3 d5 8. dxe5 Be6 9. c3 Be7 10. Nbd2 O-O 11. Bc2 f5 12. Nb3 Qd7 13. Nbd4 Nxd4 14. Nxd4 c5 15. Nxe6 Qxe6 16. f3 {[%emt 0:00:30] C83: Open Ruy Lopez: 9 c3 Be7.} Ng5 17. Qe2 Rad8 18. Be3 {[%emt 0:00:26] [#]} f4 $146 (18... Qxe5 $2 19. f4 Qe6 20. fxg5 $16) ({Predecessor:} 18... Qc6 19. Bxg5 Bxg5 20. f4 Be7 21. Rad1 c4 22. h3 Bc5+ 23. Kh2 d4 24. cxd4 Rxd4 {1-0 (34) Prigodin,R (2244)-Davidavicius,R (2092) ICCF email 2020}) 19. Bf2 Qc6 20. a4 c4 21. b4 cxb3 22. Bxb3 {[%emt 0:00:22] This bishop pair is nice.} Qxc3 {[%emt 0:00:22] The position is equal.} 23. Rab1 Bc5 24. axb5 axb5 25. e6 {[%emt 0:00:29] [#] Strongly threatening e7.} Rfe8 26. Qxb5 Bxf2+ 27. Rxf2 Nxe6 28. Bxd5 Kh8 {[%emt 0:00:21] [#] And now ...Nc7 would win.} 29. Bxe6 Rxe6 30. Kh1 h6 31. Rff1 Qf6 32. Rbd1 Rxd1 33. Rxd1 $11 {[%emt 0:00:20][%mdl 4096] Endgame KQR-KQR} Kh7 34. h3 Qg6 35. Qc4 Rd6 36. Rxd6 Qxd6 {[%emt 0:00:20] KQ-KQ} 37. Qe4+ Kh8 38. Qf5 Kg8 39. Kh2 g6 40. Qc8+ Kg7 41. Qc3+ Qf6 42. Qc7+ Qf7 43. Qc5 Qf6 44. Qd5 h5 45. Qc5 Kh6 46. Qc7 Qd4 47. Qf7 Qe5 48. Qf8+ Kh7 49. h4 Qd4 50. Qe7+ Qg7 51. Qd6 Qf7 52. Qe5 Kg8 53. Kg1 Kh7 54. Kh2 Kg8 55. Kg1 Kh7 56. Kh2 {[%emt 0:00:43] Weighted Error Value: White=0.02 (flawless) /Black=0.02 (flawless)} 1/2-1/2

[Event "FTX Road to Miami Prelims 2022"]
[Site "Online"]
[Date "2022.07.04"]
[Round "3.8"]
[White "Xiong, Jeffery"]
[Black "Tari, Aryan"]
[Result "1-0"]
[ECO "C47"]
[WhiteElo "2691"]
[BlackElo "2672"]
[Annotator "TA"]
[PlyCount "89"]
[EventDate "2022.07.10"]
[EventType "tourn"]
[EventCountry "NET"]
[SourceTitle "playchess.com"]
[Source "ChessBase"]
[SourceQuality "1"]
[TimeControl "40/5400+30:1800+30"]

1. e4 e5 2. Nf3 Nc6 3. d4 exd4 4. Nxd4 Nf6 5. Nc3 Bb4 6. Nxc6 bxc6 7. Bd3 d5 8. exd5 O-O 9. O-O cxd5 10. h3 {[%emt 0:00:22] C47: Scotch Four Knights and Four Knights with 4 g3.} Rb8 11. Qf3 Re8 {[%emt 0:00:28] 11...Rb6 is the modern continuation.} 12. Rd1 $5 {[%emt 0:00:27][%mdl 4] The position is equal. Leaves trodden paths.} c6 13. Bf4 Bd6 14. b3 Be6 15. Ne2 Qc7 16. c4 {[%emt 0:00:28] [#]} Bxf4 $146 ({Predecessor:} 16... a5 17. Rac1 a4 18. bxa4 Rb4 19. Bxd6 Qxd6 20. Bc2 Qe5 21. c5 Bxh3 22. Qc3 Qg5 {½-½ (47) Xiong,J (2685)-Hansen,E (2606) Chess.com INT 2022}) 17. Nxf4 h6 18. Rac1 {[%emt 0:00:41][%cal Ba1c1,Bc1c4,Bc4c6][%mdl 32] Black must now prevent cxd5.} Qa5 19. Bb1 (19. Nxe6 {looks sharper.} Rxe6 20. cxd5 cxd5 21. Qf4) 19... dxc4 20. Nxe6 Rxe6 21. Rxc4 Re1+ 22. Kh2 Rd8 (22... Rxd1 $14 23. Qxd1 Qc7+ 24. g3 Re8) 23. Rxd8+ $1 $16 Qxd8 {[%emt 0:00:20] [#]} 24. Rxc6 $1 Nd7 (24... Rxb1 $2 25. Qf5 Ng4+ 26. Kg3) (24... Qb8+ 25. g3) 25. Bf5 Ne5 26. Qc3 {[%emt 0:00:21] Strongly threatening Rc8.} Nxc6 27. Qxe1 {[%emt 0:00:21][%mdl 4096] Endgame KQB-KQN} g6 28. Be4 Nd4 29. Qe3 Qf6 30. g3 a5 (30... Qe5 $16 31. Kg2 (31. Bxg6 fxg6 32. Qxh6 Qe4 $17) 31... f5) 31. Kg2 $18 h5 {[%emt 0:00:28] [#]} 32. h4 $1 Nb5 $2 {[%emt 0:00:21] [#]} (32... Qd8 33. Qc3 Qb6) 33. Bxg6 $1 Qxg6 (33... fxg6 34. Qe8+) 34. Qe8+ Kg7 35. Qxb5 {[%emt 0:00:20] KQ-KQ} Qe4+ 36. Kh2 Qc2 37. Qg5+ Kf8 38. Qd8+ Kg7 {[%emt 0:00:22] [#]} 39. Qd4+ f6 40. a3 {[%emt 0:01:07] Threatens to win with b4.} Kg6 41. b4 a4 42. b5 {[%emt 0:00:24] White mates.} Qb3 43. Qc5 Qb1 44. b6 Qb2 45. Kg2 {[%emt 0:00:27] Weighted Error Value: White=0.03 (flawless) /Black=0.29 (precise)} 1-0

[Event "FTX Road to Miami Prelims 2022"]
[Site "Online"]
[Date "2022.07.04"]
[Round "4.1"]
[White "Niemann, Hans Moke"]
[Black "Tari, Aryan"]
[Result "1-0"]
[ECO "D32"]
[WhiteElo "2688"]
[BlackElo "2672"]
[Annotator "TA"]
[PlyCount "133"]
[EventDate "2022.07.10"]
[EventType "tourn"]
[EventCountry "NET"]
[SourceTitle "playchess.com"]
[Source "ChessBase"]
[SourceQuality "1"]
[TimeControl "40/5400+30:1800+30"]

1. Nf3 d5 2. d4 Nf6 3. c4 e6 4. Nc3 c5 5. e3 Nc6 6. cxd5 exd5 7. Bb5 cxd4 {[%emt 0:00:21] is currently scoring better than 7...Bd6.} 8. Nxd4 Bd7 9. O-O Bd6 {[%emt 0:00:21] D32: Tarrasch Defence: Sidelines and lines without g3.} 10. Nf3 Be6 11. b3 a6 {[%emt 0:00:23] The position is equal.} 12. Bd3 Ne5 13. Nxe5 Bxe5 14. Bb2 O-O {[%emt 0:00:56] [#]} 15. h3 $5 $146 {[%emt 0:00:37][%mdl 8] New and interesting.} ({Predecessor:} 15. Qd2 d4 16. exd4 Qxd4 17. Na4 Qd6 18. Bxe5 Qxe5 19. Rfe1 Qh5 {½-½ (19) Martin Sanchez,C (2510)-Bokar,J (2526) ICCF email 2020}) 15... Rc8 16. Rc1 Qa5 17. Qe1 Rfd8 (17... Ne4 $11 {keeps the balance.} 18. Nxe4 Qxe1 19. Rfxe1 Bxb2 20. Rxc8 Rxc8) 18. f4 $1 $16 Bd6 {[%emt 0:00:52] [#]} 19. Ne4 $1 Qxe1 20. Nxf6+ gxf6 21. Rfxe1 Bb4 22. Red1 (22. Bxf6 Bxe1 23. Rxe1 Rd6 $11) 22... Rxc1 23. Bxc1 (23. Rxc1 $6 Bd2 24. Rc7 Bxe3+ 25. Kf1 Bxf4 26. Rxb7 Be5 $11) 23... Bc3 24. g4 b5 25. Kf2 b4 26. Be4 Rd7 27. Bf3 {[%emt 0:00:26] And now f5 would win.} f5 28. Ke2 Kf8 (28... d4 $14 {is more appropriate.}) 29. gxf5 Bxf5 30. Bg4 $1 (30. Rxd5 $6 Rxd5 31. Bxd5 Bxh3 $11) (30. Bxd5 Bc2 31. e4 Bxd1+ 32. Kxd1 f5 $15) 30... Bxg4+ 31. hxg4 {[%emt 0:00:20][%mdl 4096] Endgame KRB-KRB} f6 {[%emt 0:00:20] [#]} (31... f5 $142) 32. e4 $1 Re7 33. Rxd5 Rxe4+ 34. Be3 Re6 35. Kd3 Ke8 36. Rh5 Rd6+ 37. Ke4 Re6+ 38. Kf3 Re7 39. Rd5 Re6 40. Bc5 Re1 41. Rd6 a5 {[%emt 0:30:21] [#]} 42. Ra6 $1 f5 (42... Rh1 $16 43. Rxa5 h5 44. gxh5 Rxh5) 43. gxf5 $18 h5 44. Rxa5 Rf1+ 45. Ke4 h4 (45... Re1+ {was called for.} 46. Kd3 Rd1+ 47. Kc4 Rf1) 46. Ra7 h3 47. Re7+ (47. Rh7 Rh1 48. f6 Bxf6 49. Bxb4 Ba1 $18) 47... Kd8 {[%emt 0:00:23] aiming for ...Re1+.} 48. Rh7 {[%emt 0:00:20] Threatens to win with Be7+.} Rh1 (48... Re1+ $142 49. Kf3 Rh1 50. Be7+ Ke8) 49. Kd5 (49. Be7+ $142 Ke8 50. f6) 49... h2 {[%emt 0:00:40] White must now prevent ...Rd1+.} 50. Kc6 Bd4 (50... Ke8 $18 51. Kb5 Rf1) 51. Bxd4 {[%emt 0:01:03] KRB-KR} ({Weaker is} 51. Rd7+ Ke8 52. Re7+ (52. Rxd4 $2 Rc1 $19) 52... Kd8 53. Rd7+ Ke8 54. Re7+ (54. Rxd4 $2 Re1 $19) 54... Kd8 55. Rd7+ $11) 51... Rc1+ 52. Kb5 h1=Q 53. Rxh1 Rxh1 54. Kxb4 {[%emt 0:00:21] KR-KB} Kd7 55. a4 Kc6 56. f6 Rh8 57. Kc4 Rc8 58. Bc5 Rc7 59. b4 Rh7 60. b5+ Kd7 61. Bd4 Rh4 62. Be5 Rh1 63. a5 Rc1+ 64. Bc3 Rf1 65. Be5 Rc1+ $1 66. Kd5 Kc8 67. f7 {[%emt 0:00:25] Weighted Error Value: White=0.12 (very precise) /Black=0.31} 1-0

[Event "FTX Road to Miami Prelims 2022"]
[Site "Online"]
[Date "2022.07.04"]
[Round "4.2"]
[White "Sevian, Samuel"]
[Black "Xiong, Jeffery"]
[Result "1-0"]
[ECO "C43"]
[WhiteElo "2684"]
[BlackElo "2691"]
[Annotator "TA"]
[PlyCount "115"]
[EventDate "2022.07.10"]
[EventType "tourn"]
[EventCountry "NET"]
[SourceTitle "playchess.com"]
[Source "ChessBase"]
[SourceQuality "1"]
[TimeControl "40/5400+30:1800+30"]

1. e4 e5 2. Nf3 Nf6 3. d4 exd4 4. e5 Ne4 5. Qxd4 d5 6. exd6 Nxd6 7. Nc3 Nc6 8. Qf4 g6 9. Bb5 {[%emt 0:00:39] 9.Bd2 gains popularity.} Bg7 {[%emt 0:00:27] aiming for ...Bxc3+. C43: Petroff Defence: 3 d4.} 10. Bxc6+ bxc6 11. Be3 $5 {[%emt 0:00:21][%mdl 4] An interesting side line.} O-O {[%emt 0:00:54] [#] The position is equal.} 12. O-O-O $146 ({Predecessor:} 12. O-O Re8 13. Rfe1 Bxc3 14. bxc3 Re4 15. Qg5 Qxg5 16. Bxg5 Bf5 17. Nd4 c5 18. Nxf5 gxf5 {0-1 (56) Olsinskas,D (1599)-Asin Velazquez,J ICCF email 2021}) 12... Qd7 (12... Bxc3 $11 13. bxc3 Be6) 13. Bd4 Qg4 14. Qxg4 (14. Qg3 {is more complex.} Re8 15. Rhe1 Bf5 16. Bxg7 Kxg7 17. Re5) 14... Bxg4 15. Bxg7 Kxg7 16. Rd3 Bxf3 17. Rxf3 Rfe8 18. Rd1 Re5 19. b3 Rae8 20. Na4 Re2 21. Nc3 R2e5 22. h4 h5 23. g3 R8e6 24. Na4 Rf6 25. Rxf6 Kxf6 $11 {[%emt 0:00:20][%mdl 4096] Endgame KRN-KRN} 26. Nc3 Rf5 27. f4 Ke7 28. Re1+ Kd7 29. Ne4 f6 30. c4 Nxe4 31. Rxe4 $14 {[%emt 0:00:23] KR-KR} Ra5 32. Re2 c5 (32... Ra6 $14) 33. g4 $1 $18 {[%emt 0:01:52][%cal Bg3g4,Bg4h5,Bh5h6][%mdl 32] Threatens to win with f5.} Ra6 34. f5 gxf5 35. gxh5 f4 36. Kd1 $1 ({Weaker is} 36. h6 f5 $11) 36... f3 37. Rd2+ Ke6 (37... Rd6 $2 38. Rxd6+ cxd6 39. h6 $18) (37... Ke7 $16 {is a better defense.}) 38. Ke1 $2 (38. h6 $18 {Strongly threatening h7.} Kf7 39. Ke1) 38... Kf5 $2 (38... Ke5 $1 $11 {and Black has nothing to worry.}) 39. h6 $1 Kg6 40. Kf2 Ra3 (40... Kxh6 $142 41. Kxf3 Kh5) 41. Kxf3 a5 (41... Kxh6 {was worth a try.} 42. Kg4 Ra6) 42. Ke4 a4 43. bxa4 (43. Rf2 $18) 43... c6 $2 (43... Rxa4 $16 {is tougher.} 44. Kd5 Kxh6) 44. h5+ Kxh6 {[%emt 0:00:22] [#]} 45. Kf5 $2 (45. Rc2 $1 $18 {is the precise move to win.} Kg5 46. Rh2) 45... Rxa4 $2 {[%emt 0:00:22][%mdl 8192] [#]} (45... Rc3 $16) 46. Rc2 $1 Kg7 47. h6+ Kxh6 48. Kxf6 Kh5 49. Ke5 {[%emt 0:00:41] Black must now prevent Kd6.} Kg4 50. Kd6 Kf4 51. Kxc6 Ke4 52. Kb5 Ra8 53. Rd2 Rb8+ 54. Kxc5 Rc8+ 55. Kb4 Rb8+ 56. Kc3 Ra8 57. c5 {[%emt 0:00:47] White threatens Kc4 and mate.} Ke5 58. Kc4 {[%emt 0:00:24] Weighted Error Value: White=0.21 (precise) /Black=0.83} (58. Kb4 $142 Rb8+ 59. Ka5 Rc8 60. Kb6 Rb8+ 61. Kc7 Rb4 62. Kd7 Rb7+ 63. Kc8) 1-0